 Dungeon Crawl Stone Soup version 0.29-a0-323-g050149af67 (webtiles) character file.

Game seed: 7094728832314615202

2140 spaghetti the Covert (level 9, -6/59 HPs)
             Began as an Octopode Brigand on Apr 10, 2022.
             Was an Elder of Okawaru.
             Mangled by an orc warrior
             ... wielding a +1 glaive of flaming
              (10 damage)
             ... on level 7 of the Dungeon.
             The game lasted 00:10:38 (7421 turns).

spaghetti the Covert (Octopode Brigand)             Turns: 7421, Time: 00:10:40

Health: -6/59      AC:  5    Str:  8    XL:     9   Next: 30%
Magic:  9/9        EV: 15    Int: 14    God:    Okawaru [****..]
Gold:   189        SH:  4    Dex: 17    Spells: 8/8 levels left

rFire   + . .      SeeInvis .   a - +2 dagger (spect) {short}
rCold   . . .      Faith    +   D - +0 buckler
rNeg    . . .      Spirit   .   (helmet restricted)
rPois   .          Reflect  .   B - amulet of faith {!P}
rElec   .          Harm     .   w - +4 ring of protection
rCorr   .          Rampage  .   i - ring "Inedasyn" {Fly rF+ Str-2 Slay+2 Stlth+}
Will    .....                   (no ring)
Stlth   +++++++...              (no ring)
HPRegen 0.19/turn               (no ring)
MPRegen 0.11/turn               (no ring)
                                (no ring)
                                (no ring)

@: flying
A: almost no armour, amphibious, 8 rings, camouflage 1, gelatinous body 1,
(nimble swimmer 1), tentacles
a: Renounce Religion, Heroism, Finesse


You were on level 7 of the Dungeon.
You worshipped Okawaru.
Okawaru was greatly pleased with you.
You visited 1 branch of the dungeon, and saw 7 of its levels.

You collected 322 gold pieces.
You spent 133 gold pieces at shops.


Innate Abilities, Weirdness & Mutations

You cannot wear most types of armour.
You are amphibious.
You can wear up to eight rings at the same time.
Your skin changes colour to match your surroundings (Stealth+).
Your rubbery body absorbs attacks. (AC +1, EV +1)
((You are camouflaged when in or above water. (Stealth+)))
You have tentacles for arms and can constrict up to eight enemies at once.


   Skills:
 + Level 4.7 Fighting
 + Level 4.1 Short Blades
 + Level 5.3 Throwing
 + Level 5.3 Dodging
 - Level 12.0 Stealth


You had 8 spell levels left.
You didn't know any spells.
Your spell library contained the following spells:

 Spells                   Type           Power      Damage    Failure   Level
 Freeze                   Ice            0%         1d3       36%         1
 Ensorcelled Hibernation  Hex/Ice        0%         N/A       52%         2
 Dazzling Flash           Conj/Hex       0%         N/A       75%         3
 Frozen Ramparts          Ice            0%         1d2       75%         3
 Spider Form              Tmut/Pois      0%         N/A       75%         3
 Anguish                  Hex/Necr       0%         N/A       98%         4
 Hailstorm                Conj/Ice       0%         3d3       98%         4
 Agony                    Necr           0%         N/A       100%        5
 Silence                  Hex/Air        0%         N/A       100%        5

Inventory:

Hand Weapons
 a - a +2 spectral dagger (weapon) {short}
 p - a +3 whip of pain {mace}
   (You found it on level 2 of the Dungeon)
 s - the +4 dagger of the Dove {vorpal, *Corrode rPois Int+4, short}
   (You found it on level 3 of the Dungeon)

   It inflicts extra damage upon your enemies.
   Int:       It affects your intelligence (+4).
   rPois:     It protects you from poison.
   *Corrode:  It may corrode you when you take damage.
Missiles
 b - 10 poisoned darts {throwing}
 o - 173 stones (quivered) {throwing}
 v - a throwing net {=f!fthrowing}
 z - 2 boomerangs {throwing}
 C - 4 atropa-tipped darts {throwing}
 G - a curare-tipped dart {=fthrowing}
 J - 3 boomerangs of dispersal {=f!fthrowing}
Armour
 D - a +0 buckler (worn)
   (You found it on level 4 of the Dungeon)
Magical Staves
 K - a staff of fire {!astaff}
   (You found it on level 6 of the Dungeon)
Jewellery
 h - a ring of fire
   (You found it on level 1 of the Dungeon)
 i - the ring "Inedasyn" (right tentacle) {Fly rF+ Str-2 Slay+2 Stlth+}
   (You found it on level 5 of the Dungeon)

   [ring of protection from fire]

   Str:       It affects your strength (-2).
   Slay:      It affects your accuracy & damage with ranged weapons and melee
   (+2).
   rF:        It protects you from fire.
   Fly:       It grants you flight.
   Stlth:     It makes you more stealthy.
 w - a +4 ring of protection (left tentacle)
   (You found it on level 3 of the Dungeon)
 B - an amulet of faith (around mantle) {!P}
   (You found it on level 4 of the Dungeon)
 I - a ring of ice
   (You found it on level 5 of the Dungeon)
Wands
 c - a wand of iceblast (3)
   (You took it off Ijyb on level 5 of the Dungeon)
 y - a wand of acid (6)
   (You found it on level 4 of the Dungeon)
 A - a wand of flame (15)
   (You found it on level 4 of the Dungeon)
Scrolls
 d - 2 scrolls of noise {!r}
 e - 2 scrolls of enchant weapon
 j - 2 scrolls of brand weapon
 m - a scroll of amnesia
 n - a scroll of vulnerability {!r!r}
 q - 2 scrolls of fear {unknown}
 r - 2 scrolls of enchant armour
 u - 2 scrolls of immolation {unknown}
Potions
 f - a potion of degeneration {unknown}
 g - 2 potions of brilliance {unknown}
 k - 2 potions of attraction {unknown}
 l - 2 potions of heal wounds {unknown}
 t - a potion of flight {unknown}
 x - a potion of curing {unknown}
 E - a potion of haste {unknown}
 F - a potion of lignification {unknown}
 H - 2 potions of cancellation {unknown}

Dungeon Overview and Level Annotations

Branches:
Dungeon (7/15)             Temple (0/1) D:4

Altars:
Fedhas
Okawaru
Wu Jian

Shops:
D:5 [ D:6

? .... +...........
....#########..........
....<..............#
.........)).)......#
...................+
...................#
####+#########....##
#..(.# +.(@.# #.oo{+
#..(.# #..(.# ####..
>.. ((. ....


You could see an orc warrior, an orc and a friendly +2 spectral dagger {short}
(summoned).


Message History

You throw a stone {throwing}.
The stone {throwing} hits the orc warrior but does no damage.
The orc warrior barely misses you. 😕 HP[-2]
You take 2 damage, and now have 57/59 hp.
You throw a stone {throwing}.
The stone {throwing} closely misses the orc warrior.
The orc wizard mumbles some strange words.
The orc wizard flickers and vanishes!
Deactivating autopickup; reactivate with Ctrl-A.
The orc warrior closely misses you.
You throw a stone {throwing}.
The stone {throwing} closely misses the orc warrior.
You block the orc warrior's attack.
You throw a stone {throwing}.
The stone {throwing} closely misses the orc warrior.
The orc warrior closely misses you.
You throw a stone {throwing}.
The stone {throwing} hits the orc warrior but does no damage.
Something tries to affect you, but you resist.
The orc warrior closely misses you.
You throw a stone {throwing}.
The stone {throwing} closely misses the orc warrior.
The stone {throwing} hits the orc.
You throw a stone {throwing}.
The stone {throwing} hits the orc warrior but does no damage.
The orc warrior hits you from afar with a +1 glaive of flaming!
The orc warrior burns you.
You are too injured to fight recklessly!
You are too injured to fight recklessly!
You are too injured to fight recklessly!
You are too injured to fight recklessly!
You are too injured to fight recklessly!
You are too injured to fight recklessly!
You are too injured to fight recklessly!
You are too injured to fight recklessly!
You are too injured to fight recklessly!
You are too injured to fight recklessly!
You are too injured to fight recklessly!
You are too injured to fight recklessly!
You are too injured to fight recklessly!
You are too injured to fight recklessly!
You are too injured to fight recklessly!
You are too injured to fight recklessly!
You are too injured to fight recklessly!
You are too injured to fight recklessly!
You are too injured to fight recklessly!
You are too injured to fight recklessly!
You are too injured to fight recklessly!
You are too injured to fight recklessly!
You are too injured to fight recklessly!
You are too injured to fight recklessly! 😮 HP[-18]
You take 18 damage, and now have 39/59 hp.
MASSIVE DAMAGE!! (PAUSE) Unknown command.
The orc barely misses you.
The orc warrior hits you with a +1 glaive of flaming!
The orc warrior burns you.
* * * LOW HITPOINT WARNING * * *
😨 HP[-11]
You take 11 damage, and now have 28/59 hp.
You hit the orc warrior. You grab the orc warrior.
You squeeze the orc warrior, but do no damage.
Your +2 spectral dagger {short} hits the orc warrior but does no damage.
You constrict the orc warrior, but do no damage.
You hear some strange, mumbled words.
A magic dart appears from out of thin air!
The magic dart hits you but does no damage.
The orc misses you.
The orc warrior barely misses you. 😨 HP[+1]
You hit the orc warrior. You squeeze the orc warrior.
Your +2 spectral dagger {short} hits the orc warrior.
You constrict the orc warrior, but do no damage.
Something hits you but does no damage. The orc hits you but does no damage.
The orc warrior closely misses you.
You hit the orc warrior but do no damage.
You squeeze the orc warrior.
Your +2 spectral dagger {short} hits the orc warrior but does no damage.
You constrict the orc warrior, but do no damage.
The orc hits you but does no damage.
The orc warrior hits you with a +1 glaive of flaming!!
* * * LOW HITPOINT WARNING * * *
The orc warrior burns you.
* * * LOW HITPOINT WARNING * * *
You block something's attack. 😱 HP[-22]
You take 22 damage, and now have 7/59 hp.
MASSIVE DAMAGE!! (PAUSE) Unknown command.
Okay, then.
Okay, then.
Okay, then.
You hit the orc warrior but do no damage.
Your +2 spectral dagger {short} hits the orc warrior but does no damage.
You constrict the orc warrior, but do no damage.
The orc hits you with a +0 club.
* * * LOW HITPOINT WARNING * * *
The orc warrior hits you with a +1 glaive of flaming!
You die...

Skill      XL: |  1  2  3  4  5  6  7  8  9 |
---------------+----------------------------+-----
Stealth        | 6 7 8 10 11 12 | 12.0
Dodging        | 2 3 4 5 |  5.3
Throwing       | 3 4 5 |  5.3
Fighting       | 3 4 |  4.7
Short Blades   | 3 4 |  4.1

Action                   |  1- 3 |  4- 6 |  7- 9 || total
-------------------------+-------+-------+-------++-------
Melee: Dagger            |    51 |    86 |   137 ||   274
       Constrict         |    13 |    19 |    38 ||    70
       Tentacles         |     9 |    22 |    45 ||    76
       Punch             |       |     1 |       ||     1
Throw: Dart              |    40 |       |     5 ||    45
       Stone             |     3 |     7 |   183 ||   193
Invok: Heroism           |       |     1 |     3 ||     4
Evoke: Wand              |       |       |     5 ||     5
  Use: Scroll            |       |       |     8 ||     8
 Stab: Sleeping          |     4 |    19 |     2 ||    25
       Distracted        |       |     2 |     1 ||     3
Armor: Skin              |     7 |     6 |    21 ||    34
Dodge: Dodged            |    30 |    38 |    66 ||   134
Block: Buckler           |       |       |    17 ||    17

Levels and vault maps discovered:
D:1:      amcnicky_arrival_feature_with_door, layout_loops_ring,
          shapermc_ecumenical_altar_starsandcircs, minmay_ruptured
D:2:      layout_rooms, basic_altar, ebering_dispersal_statue_hall,
          minmay_hedge_maze, uniq_terence
D:3:      layout_rooms, serial_bayou_lagoon_b
D:4:      layout_gridville, minmay_temple_entry_purple_smoke
D:5:      layout_gridville, serial_shops, nicolae_shop_crystal, fountainhead,
          hangedman_decor_growths, minmay_a_box_with_orc_wizards_in_it,
          uniq_ijyb
D:6:      layout_gridville, nicolae_wu_jian_wuxing_cycle, serial_shops, shop
D:7:      layout_gridville, enter_ossuary_3

Notes
Turn   | Place    | Note
-------+----------+-------------------------------------------
     0 | D:1      | spaghetti the Octopode Brigand began the quest for the Orb.
     0 | D:1      | Reached XP level 1. HP: 14/14 MP: 1/1
     0 | D:1      | magus.rc [v1.9.6]
   247 | D:1      | Reached XP level 2. HP: 19/19 MP: 2/2
   324 | D:1      | Reached skill level 6 in Stealth
   639 | D:1      | Reached XP level 3. HP: 9/24 MP: 3/3
   847 | D:1      | Found a faded altar of an unknown god.
   856 | D:1      | Prayed at the altar of an unknown god.
   856 | D:1      | Became a worshipper of Warmaster Okawaru
   856 | D:1      | Reached * piety under Okawaru
  1396 | D:2      | Reached skill level 2 in Dodging
  1471 | D:2      | Noticed Terence
  1479 | D:2      | Killed Terence
  1480 | D:2      | Reached XP level 4. HP: 25/29 MP: 4/4
  1558 | D:2      | Found a blossoming altar of Fedhas.
  1573 | D:2      | Reached skill level 7 in Stealth
  1966 | D:3      | Reached XP level 5. HP: 34/34 MP: 5/5
  2025 | D:3      | Identified the +4 dagger of the Dove {vorpal, *Corrode
                  | rPois Int+4}
  2295 | D:3      | Reached skill level 8 in Stealth
  2565 | D:4      | Reached skill level 3 in Throwing
  2609 | D:4      | Reached skill level 3 in Dodging
  2803 | D:4      | Reached XP level 6. HP: 34/39 MP: 6/6
  2827 | D:4      | Reached ** piety under Okawaru
  2949 | D:4      | You pick up a book of the Senses and begin reading...
  2949 | D:4      | You add the spells Dazzling Flash, Agony and Silence to
                  | your library.
  3338 | D:4      | Reached XP level 7. HP: 42/45 MP: 7/7
  3482 | D:4      | Reached skill level 9 in Stealth
  3563 | D:4      | Found a staircase to the Ecumenical Temple.
  3735 | D:4      | Reached skill level 3 in Fighting
  4162 | D:5      | Entered Level 5 of the Dungeon
  4222 | D:5      | Identified the ring "Inedasyn" {Fly rF+ Str-2 Slay+2
                  | Stlth+}
  4373 | D:5      | You pick up a book of Dreams and begin reading...
  4373 | D:5      | You add the spells Ensorcelled Hibernation, Spider Form and
                  | Anguish to your library.
  4410 | D:5      | Identified the +5 leather armour "Ynyci" {rF+}
  4518 | D:5      | Noticed Ijyb
  4528 | D:5      | Killed Ijyb
  4529 | D:5      | Reached skill level 4 in Throwing
  4529 | D:5      | Reached skill level 4 in Dodging
  4768 | D:5      | Found Fykil's Armour Shop.
  4848 | D:5      | Reached skill level 10 in Stealth
  4848 | D:5      | Reached XP level 8. HP: 45/52 MP: 8/8
  5187 | D:5      | You pick up a book of Frost and begin reading...
  5187 | D:5      | You add the spells Freeze, Frozen Ramparts and Hailstorm to
                  | your library.
  5205 | D:5      | Reached *** piety under Okawaru
  5270 | D:5      | Reached skill level 3 in Short Blades
  5303 | D:5      | Noticed a wraith
  5319 | D:5      | Killed a wraith
  5320 | D:5      | Reached skill level 4 in Fighting
  5666 | D:5      | Reached skill level 11 in Stealth
  5863 | D:6      | Found an ornate altar of the Wu Jian Council.
  5895 | D:6      | Found Polielih's Magic Scroll Shoppe.
  5903 | D:6      | Bought a scroll of blinking for 105 gold pieces
  5903 | D:6      | Bought a scroll of identify for 28 gold pieces
  5934 | D:6      | HP: 13/54 [orc/+0 whip (3)]
  5944 | D:6      | HP: 12/54 [orc/+0 whip (3)]
  5951 | D:6      | HP: 8/54 [howler monkey (5)]
  6465 | D:6      | HP: 8/54 [gnoll sergeant/+3 spear of freezing (13)]
  6470 | D:6      | Reached skill level 5 in Dodging
  6470 | D:6      | Reached XP level 9. HP: 8/59 MP: 9/9
  6909 | D:6      | Reached skill level 5 in Throwing
  7158 | D:6      | Reached **** piety under Okawaru
  7309 | D:7      | Reached skill level 4 in Short Blades
  7312 | D:7      | Reached skill level 12 in Stealth
  7420 | D:7      | HP: 9/59 [orc warrior/+1 glaive of flaming (20)]
  7421 | D:7      | HP: 4/59 [orc/+0 club (3)]
  7421 | D:7      | Mangled by an orc warrior

Vanquished Creatures
  A wraith (D:5)
  An acid dragon (D:6)
  A black bear (D:5)
  An ogre (D:4)
  A centaur (D:6)
  A gnoll sergeant (D:6)
  2 necrophages
  6 scorpions
  3 wights (D:7)
  A howler monkey (D:5)
  3 hounds
  5 orc priests
  A gnoll shaman (D:4)
  Ijyb (D:5)
  2 iguanas (D:5)
  5 orc wizards (D:5)
  Terence (D:2)
  18 gnolls
  9 adders
  A white imp (D:5)
  An ufetubus (D:4)
  3 worms
  A dart slug (D:2)
  24 orcs
  5 endoplasms
  3 giant cockroaches
  4 goblins
  9 hobgoblins
  3 jackals (D:1)
  6 quokkas
  2 ball pythons (D:4)
  4 bats
  A frilled lizard (D:1)
  5 kobolds
  5 rats
140 creatures vanquished.

Vanquished Creatures (others)
  7 plants (D:3)
7 creatures vanquished.

Grand Total: 147 creatures vanquished

Table legend:
 A = Non-vault XP
 B = Vault XP
 C = Vault XP percentage of total XP
 D = Non-vault monster count
 E = Vault monster count
 F = Vault count percentage of total count
                 A         B        C        D         E       F
            +---------+---------+-------+---------+---------+-------
      Total |    2912 |     146 |   4.8 |     134 |       6 |   4.3
            +---------+---------+-------+---------+---------+-------
        D:1 |      33 |       4 |  10.8 |      20 |       2 |   9.1
        D:2 |      76 |      32 |  29.6 |      15 |       1 |   6.2
        D:3 |     156 |       0 |   0.0 |      17 |       0 |   0.0
        D:4 |     538 |       0 |   0.0 |      32 |       0 |   0.0
        D:5 |    1148 |     110 |   8.7 |      31 |       3 |   8.8
        D:6 |     564 |       0 |   0.0 |      14 |       0 |   0.0
        D:7 |     397 |       0 |   0.0 |       5 |       0 |   0.0
            +---------+---------+-------+---------+---------+-------

Illustrated notes

Table legend:
 A = Kills in this place as a percentage of kills in entire the game.
 B = Kills by you in this place as a percentage of kills by you in the entire game.
 C = Kills by friends in this place as a percentage of kills by friends in the entire game.
 D = Other kills in this place as a percentage of other kills in the entire game.
 E = Experience gained in this place as a percentage of experience gained in the entire game.
 F = Experience gained in this place divided by the number of levels of this place that you have seen.
                   A       B       C       D       E      F
               +-------+-------+-------+-------+-------+----------------------
         Total | 100.0 | 100.0 |   N/A |   N/A | 100.0 | 436.9
       Dungeon | 100.0 | 100.0 |   N/A |   N/A | 100.0 | 436.9
               +-------+-------+-------+-------+-------+----------------------

Table legend: (Time is in decaauts)
 A = Elapsed time spent in this place.
 B = Non-inter-level travel time spent in this place.
 C = Inter-level travel time spent in this place.
 D = Time resting spent in this place.
 E = Time spent auto-exploring this place.
 F = Levels seen in this place.
 G = Mean time per level.
                   A        B        C        D        E       F      G
               +--------+--------+--------+--------+--------+-----+--------+
         Total |   7375 |   7206 |    169 |   2334 |   3889 |   7 | 1053.6 |
       Dungeon |   7375 |   7206 |    169 |   2334 |   3889 |   7 | 1053.6 |
               +--------+--------+--------+--------+--------+-----+--------+

Top non-repeatable levels by time:
     D:5: 2162 daAuts
     D:4: 1593 daAuts
     D:1: 1187 daAuts
     D:6: 898 daAuts
     D:2: 762 daAuts
     D:3: 592 daAuts
     D:7: 178 daAuts
